 Dungeon Crawl Stone Soup version 0.29.1-1-gd02db6906a (webtiles) character file.

Game seed: 3797467593035916941

40741 wingedge the Destroyer (level 13, 0/113 HPs)
             Began as a Demigod Ice Elementalist on Oct 9, 2022.
             Killed from afar by a ynoxinul (14 damage)
             ... with an iron shot
             ... summoned by an obsidian statue
             ... on level 5 of the Lair of Beasts on Oct 11, 2022.
             The game lasted 01:36:48 (21749 turns).

wingedge the Destroyer (Demigod Ice Elementalist)  Turns: 21749, Time: 01:36:49

Health: 0/113      AC: 18    Str: 17    XL:     13   Next: 41%
Magic:  25/33      EV: 11    Int: 25    God:
Gold:   1097       SH:  0    Dex: 14    Spells: 1/22 levels left

rFire   x . .      SeeInvis .   b - staff of conjuration
rCold   + . .      Faith    .   s - orb {light}
rNeg    . . .      Spirit   .   t - +4 scale mail
rPois   .          Reflect  .   l - +2 helmet
rElec   .          Harm     .   (no cloak)
rCorr   .          Rampage  .   R - +2 pair of gloves
Will    +....                   E - +0 pair of boots
Stlth   +.........              z - amulet of magic regeneration
HPRegen 0.28/turn               Y - ring of ice
MPRegen 0.63/turn               U - ring of magical power

@: spiked, hasted, glowing, studying Polearms, very quick
A: high MP 1, forlorn, divine attributes
a: no special abilities


You were on level 5 of the Lair of Beasts.
You visited 2 branches of the dungeon, and saw 15 of its levels.

You collected 1097 gold pieces.

Inventory:

Hand Weapons
 a - a +5 vampiric trident
 h - a +1 morningstar of holy wrath
 k - a +1 demon whip of venom
Missiles
 N - 3 boomerangs of dispersal
 O - 2 curare-tipped darts
 T - a throwing net (quivered)
Armour
 l - a +2 helmet (worn)
 s - an orb of light (worn)
 t - a +4 scale mail (worn)
 E - a +0 pair of boots (worn)
 R - a +2 pair of gloves (worn)
Magical Staves
 b - a staff of conjuration (weapon)
 p - a staff of poison
Jewellery
 z - an amulet of magic regeneration (around neck)
 J - an amulet of reflection
 M - a ring of protection from fire
 U - a ring of magical power (right hand)
 Y - a ring of ice (left hand)
Wands
 x - a wand of roots (5)
 L - a wand of polymorph (7)
 V - a wand of mindburst (10)
 W - a wand of acid (7)
Scrolls
 c - a scroll of amnesia
 e - 2 scrolls of torment
 g - 9 scrolls of teleportation
 m - a scroll of fear
 n - 5 scrolls of poison
 u - a scroll of blinking
 y - 2 scrolls of immolation
 B - a scroll of summoning
 D - a scroll of magic mapping
 G - a scroll of vulnerability
 Z - a scroll of silence
Potions
 d - 4 potions of might
 f - 4 potions of attraction
 j - 3 potions of curing
 o - 2 potions of berserk rage
 q - a potion of cancellation {unknown}
 r - 2 potions of magic
 w - 2 potions of brilliance
 A - 2 potions of haste
 C - 3 potions of flight
 F - a potion of mutation {unknown}
 H - a potion of ambrosia {unknown}
 I - a potion of lignification {unknown}
 Q - a potion of degeneration {unknown}
Miscellaneous
 S - a lightning rod (4/4)


   Skills:
 - Level 10.0 Fighting
 + Level 10.2 Polearms
 - Level 4.0 Armour
 - Level 4.0 Dodging
 - Level 2.0 Stealth
 - Level 5.0 Spellcasting
 - Level 11.0 Conjurations
 - Level 9.0 Fire Magic
 - Level 7.0 Ice Magic
 - Level 7.0 Air Magic
 - Level 3.0 Evocations


You had one spell level left.
You knew the following spells:

 Your Spells              Type           Power      Damage    Failure   Level
a - Lightning Bolt        Conj/Air       33%        1d51      19%         5
b - Ozocubu's Armour      Ice            58%        N/A       4%          3
c - Foxfire               Conj/Fire      100%       2x1d9     1%          1
e - Flame Wave            Conj/Fire      71%        2d16      4%          4
f - Hailstorm             Conj/Ice       86%        3d17      6%          4
g - Sticky Flame          Conj/Fire      71%        2d8       4%          4

Your spell library contained the following spells:

 Spells                   Type           Power      Damage    Failure   Level
 Freeze                   Ice            100%       1d11      1%          1
 Apportation              Tloc           12%        N/A       26%         1
 Necrotise                Necr           24%        1d5       26%         1
 Summon Small Mammal      Summ           24%        N/A       26%         1
 Static Discharge         Conj/Air       67%        3-12/arc  1%          2
 Conjure Flame            Conj/Fire      71%        6-21      1%          3
 Frozen Ramparts          Ice            100%       1d16      4%          3
 Swiftness                Air            41%        N/A       4%          3
 Ensorcelled Hibernation  Hex/Ice        70%        N/A       10%         2
 Inner Flame              Hex/Fire       28%        N/A       12%         3
 Airstrike                Air            20%        2d(3-19)  14%         4
 Blink                    Tloc           12%        N/A       36%         2
 Passwall                 Tmut/Erth      5%         N/A       36%         2
 Summon Lightning Spire   Summ/Air       23%        N/A       52%         4
 Gell's Gravitas          Tloc           6%         N/A       61%         3
 Lesser Beckoning         Tloc           6%         N/A       61%         3
 Portal Projectile        Hex/Tloc       12%        N/A       61%         3
 Tukima's Dance           Hex            6%         N/A       61%         3
 Anguish                  Hex/Necr       3%         N/A       95%         4
 Dispel Undead            Necr           6%         3d8       95%         4
 Leda's Liquefaction      Hex/Erth       3%         N/A       95%         4
 Blade Hands              Tmut           3%         N/A       100%        5
 Manifold Assault         Tloc           6%         N/A       100%        5
 Malign Gateway           Summ/Tloc      3%         N/A       100%        7
 Storm Form               Tmut/Air       11%        N/A       100%        7
 Summon Horrible Things   Summ           3%         N/A       100%        8
 Chain Lightning          Conj/Air       33%        3d44      100%        9
 Fire Storm               Conj/Fire      35%        8d9       100%        9
 Shatter                  Erth           3%         3d7*      100%        9


Dungeon Overview and Level Annotations

Branches:
Dungeon (10/15)            Temple (0/1) D:6            Lair (5/5) D:8
 Shoals (0/4) Lair:3       Spider (0/4) Lair:3        Slime (0/5) Lair:4
    Orc: D:9-12

Annotations:
Lair:5 exclusion: obsidian statue


Innate Abilities, Weirdness & Mutations

You have an increased reservoir of magic. (+10% MP)
You shall have no god before yourself.
Your divine heritage dramatically boosts your attributes as you level up.


Message History

The flame wave engulfs the obsidian statue.
The obsidian statue resists.
The obsidian statue is severely damaged.
The flame wave engulfs the red devil.
The red devil completely resists.
The flame wave engulfs the ufetubus!!
The ufetubus is burned terribly!
You kill the ufetubus!
The ufetubus disappears in a puff of smoke!
The flame wave engulfs the ufetubus!!
The ufetubus is burned terribly!
You kill the ufetubus!
The ufetubus disappears in a puff of smoke!
The tree burns like a torch!
The flame wave engulfs the withered plant!!
The withered plant begins to crumble.
The withered plant is lightly damaged.
You finish channelling waves of flame.
You are engulfed in blazing flames.
You feel very sick.
The iron imp hits you but does no damage.
The red devil hits you from afar with a +1 demon trident of freezing.
* * * LOW HITPOINT WARNING * * *
Barbed spikes become lodged in your body.
The ynoxinul barely misses you.
The red devil hits you with a +0 trident of venom!
* * * LOW HITPOINT WARNING * * *
Barbed spikes become lodged in your body.
You are more poisoned.
Unknown command.
Unknown command.
The barbs in your skin will harm you if you move.
Continue?
The barbed spikes dig painfully into your body as you move.
* * * LOW HITPOINT WARNING * * *
x2 You feel very sick.
Blink to where?
Press: ? - help, Dir - move target
As you read the scroll of blinking, it crumbles to dust.
* * * LOW HITPOINT WARNING * * *
You feel very sick.
You feel better. The ynoxinul gestures at you. The iron shot hits you!
You die...

.P....###.#
.......##.##
###
#....#.##..#
..##
#....#.♣##.#
...# [#...[P♣
#.#####..#
.#....♣#
#....'...# ..
######..'...##
#...'..8#....#
#...#####.@..#
#...# #....#
#...# ###3§##
#...# ##.§§§§#
#8)8# #.445§§#
#######..5§§##
##:+8.?§##
####.P###
#######


You could see a ynoxinul (summoned), a red devil (summoned), an iron imp
(summoned) and a crimson imp (summoned).

Vanquished Creatures
  A dire elephant (Lair:5)
  5 hydras
  3 catoblepae
  A boulder beetle (Lair:3)
  The ghost of Arctor the Grappler, a journeyman DrTm of Hepliaklqana (D:9)
  2 death yaks (Lair:5)
  Amaemon (Lair:2)
  The ghost of UrbanGarlic the Ducker, a novice DjFE (D:6)
  Pikel (D:7)
  A merfolk siren (Lair:3)
  9 elephants
  7 black mambas
  8 cane toads
  An orange demon (Lair:2)
  3 kobold demonologists (D:10)
  2 rime drakes
  3 komodo dragons
  2 polar bears
  A meliai (Lair:3)
  2 hornets
  8 blink frogs
  A spectral elephant (Lair:5)
  Prince Ribbit (D:7)
  12 dream sheep (Lair:5)
  A spriggan (D:8)
  A wraith (D:10)
  4 wyverns
  48 yaks
  A dire elephant simulacrum (Lair:5)
  A basilisk (Lair:5)
  A death yak simulacrum (Lair:5)
  Duvessa (D:7)
  12 water moccasins
  2 black bears
  3 ice beasts
  7 orc warriors
  4 ogres
  9 wolves
  A phantom (D:6)
  4 centaurs
  4 lemures (D:7)
  2 kobold brigands
  The ghost of fireball365 the Magician, an amateur DEEE (D:3)
  14 bullfrogs
  A gnoll sergeant (D:6)
  2 necrophages
  3 scorpions
  18 wights (D:9)
  Dowan (D:7)
  8 killer bees
  A howler monkey (D:5)
  An electric eel (Lair:3)
  A jelly (D:5)
  5 orc priests
  2 gnoll boudas
  3 hounds
  4 hell rats (Lair:4)
  Natasha (thrice) (D:4)
  2 iguanas
  7 orc wizards
  14 gnolls
  12 adders
  2 shadow imps (D:7)
  3 white imps
  2 worms
  6 dart slugs
  61 orcs
  2 bats (D:3)
  10 endoplasms
  6 giant cockroaches
  5 goblins
  6 hobgoblins
  22 kobolds
  7 quokkas
  11 ball pythons
  2 frilled lizards
  5 rats
436 creatures vanquished.

Vanquished Creatures (others)
  154 foxfires
  36 fungi
  37 plants
  32 withered plants (Lair:5)
259 creatures vanquished.

Grand Total: 695 creatures vanquished

Notes
Turn   | Place    | Note
-------+----------+-------------------------------------------
     0 | D:1      | wingedge the Demigod Ice Elementalist began the quest for
                  | the Orb.
     0 | D:1      | Reached XP level 1. HP: 14/14 MP: 5/5
   623 | D:1      | Reached XP level 2. HP: 20/20 MP: 5/7
  1232 | D:2      | Reached skill level 1 in Fighting
  1292 | D:1      | Reached XP level 3. HP: 26/28 MP: 4/8
  1540 | D:2      | Learned a level 3 spell: Ozocubu's Armour
  1928 | D:3      | Got Sif Muna's Treatise on the Grave and the Wind
  1988 | D:3      | Noticed fireball365's ghost (amateur DEEE)
  2002 | D:3      | Found a runed translucent gate.
  2002 | D:3      | Found a runed translucent gate.
  2002 | D:3      | Found a runed translucent gate.
  2071 | D:3      | Reached XP level 4. HP: 35/35 MP: 9/9
  2188 | D:3      | Reached skill level 5 in Ice Magic
  3262 | D:3      | Killed fireball365's ghost
  3263 | D:3      | Reached XP level 5. HP: 45/45 MP: 10/10
  3278 | D:3      | Learned a level 1 spell: Foxfire
  3426 | D:4      | Reached skill level 1 in Armour
  3426 | D:4      | Reached skill level 1 in Conjurations
  3426 | D:4      | Reached skill level 1 in Fire Magic
  3860 | D:4      | Reached skill level 2 in Conjurations
  3860 | D:4      | Reached XP level 6. HP: 51/51 MP: 8/11
  3888 | D:4      | Learned a level 3 spell: Frozen Ramparts
  4315 | D:4      | Noticed Natasha
  4321 | D:4      | Killed Natasha
  4743 | D:4      | Noticed Natasha
  4750 | D:4      | Killed Natasha
  5619 | D:4      | Noticed Natasha
  5623 | D:4      | Killed Natasha
  5643 | D:5      | Entered Level 5 of the Dungeon
  5674 | D:5      | Reached XP level 7. HP: 57/57 MP: 8/13
  5726 | D:5      | Reached skill level 3 in Conjurations
  6361 | D:5      | Reached skill level 4 in Conjurations
  6408 | D:5      | Reached XP level 8. HP: 24/67 MP: 14/14
  6659 | D:5      | Reached skill level 5 in Fighting
  7264 | D:6      | Reached skill level 5 in Conjurations
  7280 | D:6      | Found a staircase to the Ecumenical Temple.
  7581 | D:6      | Found a large runed translucent door.
  7582 | D:6      | Found a large runed translucent door.
  7584 | D:6      | Noticed UrbanGarlic's ghost (novice DjFE)
  7752 | D:6      | Killed UrbanGarlic's ghost
  7753 | D:6      | Reached skill level 5 in Fire Magic
  7753 | D:6      | Reached skill level 6 in Conjurations
  7753 | D:6      | Reached XP level 9. HP: 25/74 MP: 16/16
  7988 | D:6      | Learned a level 4 spell: Flame Wave
  8512 | D:7      | Noticed Prince Ribbit
  8512 | D:7      | Noticed Dowan
  8519 | D:7      | Noticed Duvessa
  8520 | D:7      | Killed Prince Ribbit
  8523 | D:7      | Killed Dowan
  8527 | D:7      | Killed Duvessa
  8786 | D:7      | Reached skill level 7 in Conjurations
  9033 | D:7      | Noticed Pikel
  9051 | D:7      | Killed Pikel
  9720 | D:8      | Learned a level 4 spell: Hailstorm
  9804 | D:8      | Found a staircase to the Lair.
 10781 | D:8      | Reached XP level 10. HP: 83/83 MP: 14/19
 10853 | D:9      | Reached skill level 8 in Conjurations
 12096 | D:9      | Found a runed translucent gate.
 12096 | D:9      | Found a runed translucent gate.
 12096 | D:9      | Found a runed translucent gate.
 12101 | D:9      | Noticed Arctor's ghost (journeyman DrTm)
 12114 | D:9      | Killed Arctor's ghost
 12498 | D:10     | Entered Level 10 of the Dungeon
 12587 | D:10     | Reached skill level 5 in Spellcasting
 12589 | D:10     | Noticed a soul eater
 12747 | D:10     | Reached skill level 9 in Conjurations
 12940 | D:10     | Reached XP level 11. HP: 55/91 MP: 1/22
 13785 | Lair:1   | Entered Level 1 of the Lair of Beasts
 14318 | Lair:1   | Noticed a four-headed hydra
 14325 | Lair:1   | Killed a four-headed hydra
 14919 | Lair:1   | Reached skill level 1 in Evocations
 15408 | Lair:2   | Learned a level 4 spell: Sticky Flame
 15663 | Lair:2   | Noticed Amaemon
 15675 | Lair:2   | Killed Amaemon
 16629 | Lair:3   | Found a hole to the Spider Nest.
 16639 | Lair:3   | Reached skill level 10 in Conjurations
 16797 | Lair:3   | Noticed a boulder beetle
 16822 | Lair:3   | Killed a boulder beetle
 16823 | Lair:3   | Reached XP level 12. HP: 68/101 MP: 12/23
 17052 | Lair:3   | Found a staircase to the Shoals.
 17081 | Lair:3   | Got the Incunable of the Quarry and Wanderlust
 17101 | Lair:3   | Noticed a catoblepas
 17114 | Lair:3   | Killed a catoblepas
 17115 | Lair:3   | Reached skill level 11 in Conjurations
 17418 | Lair:3   | Noticed a seven-headed hydra
 17428 | Lair:3   | Killed a seven-headed hydra
 17855 | Lair:3   | Reached skill level 1 in Air Magic
 18038 | Lair:3   | Learned a level 5 spell: Lightning Bolt
 18896 | Lair:4   | Found a staircase to the Slime Pits.
 18898 | Lair:4   | Noticed a six-headed hydra
 18915 | Lair:4   | Reached skill level 1 in Polearms
 18923 | Lair:4   | Killed a six-headed hydra
 19153 | Lair:4   | Noticed a catoblepas
 19166 | Lair:4   | Killed a catoblepas
 19281 | Lair:4   | Noticed a four-headed hydra
 19286 | Lair:4   | Killed a four-headed hydra
 19726 | Lair:4   | Reached skill level 5 in Polearms
 19756 | Lair:4   | Reached skill level 5 in Air Magic
 20185 | Lair:5   | Entered Level 5 of the Lair of Beasts
 20398 | Lair:5   | Noticed a catoblepas
 20418 | Lair:5   | Killed a catoblepas
 20754 | Lair:5   | Reached XP level 13. HP: 95/113 MP: 21/24
 20872 | Lair:5   | Reached skill level 10 in Fighting
 21238 | Lair:5   | Noticed a dire elephant
 21238 | Lair:5   | Noticed a dire elephant
 21238 | Lair:5   | Noticed a dire elephant
 21239 | Lair:5   | Noticed a dire elephant
 21245 | Lair:5   | Noticed a dire elephant
 21256 | Lair:5   | Killed a dire elephant
 21603 | Lair:5   | Identified the +9 morningstar of Puguip {speed, rElec rPois
                  | rC+ Int-5}
 21615 | Lair:5   | Reached skill level 10 in Polearms
 21748 | Lair:5   | HP: 3/113 [poisoned by a red devil]
 21749 | Lair:5   | Killed from afar by a ynoxinul

Illustrated notes

Levels and vault maps discovered:
D:1:      scummos_arrival_star, layout_loops_corners, nrook_loot_triangle,
          serial_bayou_lake_a
D:2:      layout_rooms
D:3:      layout_rooms, grunt_temple_overflow_octagram, marbit_many_paths,
          gammafunk_ghost_split
D:4:      layout_loops_cross, nicolae_overflow_hidden_temple,
          gup_sewer_entry_pipe, uniq_natasha
D:5:      minmay_general_purpose_star, layout_cave_pools
D:6:      minmay_evil_eye, layout_rooms, mainiacjoe_overflow_24_doors,
          minmay_temple_entry_drinking_statues, ebering_ghost_disaster_area,
          hangedman_decor_push, hellmonk_bongcloud_opening
D:7:      layout_gridville, nicolae_qazlal_eye_of_the_storm, solitary_fountain,
          uniq_duvessa, uniq_prince_ribbit1, uniq_pikel
D:8:      layout_loops_ring, grunt_gozag_breadcrumbs, dpeg_oklobed_lair,
          special_room [special_room_orc], the_hattery
D:9:      layout_loops_corners, gammafunk_temple_overflow_elements,
          ebering_ghost_rock_garden, st_stairs_13
D:10:     layout_irregular_city
Lair:1:   layout_hall_layers
Lair:2:   layout_cave_pods, uniq_amaemon
Lair:3:   layout_gridlike, minmay_shoals_entry_lonely_mermaid,
          hellmonk_spider_entry_not_the_bees, chequers_serial_rivers_micro_a,
          infiniplex_staircase_pool
Lair:4:   layout_concentric_octagons, slime_entry_1, grunt_megastairs_1,
          serial_bayou_shore_b, lemuel_fruit_fields
Lair:5:   due_jungle_book, layout_gridlike, uniq_snorg

Skill      XL: |  1  2  3  4  5  6  7  8  9 10 11 12 13 |
---------------+----------------------------------------+-----
Ice Magic      | 4 5 6 7 |  7.0
Spellcasting   | 2 3 4 5 |  5.0
Dodging        | 2 4 |  4.0
Stealth        | 2 |  2.0
Fighting       | 1 3 4 5 6 8 9 10 | 10.0
Armour         | 1 2 3 4 |  4.0
Conjurations   | 2 4 6 7 9 10 11 | 11.0
Fire Magic     | 1 2 3 5 6 8 9 |  9.0
Evocations     | 3 |  3.0
Air Magic      | 5 7 |  7.0
Polearms       | 7 10 | 10.2

Action                   |  1- 3 |  4- 6 |  7- 9 | 10-12 | 13-15 || total
-------------------------+-------+-------+-------+-------+-------++-------
Melee: Spear             |    66 |    60 |       |       |       ||   126
       Punch             |       |     2 |     1 |       |       ||     3
       Falchion          |       |    72 |    32 |       |       ||   104
       Morningstar       |       |       |    80 |    23 |       ||   103
       Staff             |       |       |     5 |    12 |    11 ||    28
       Long sword        |       |       |       |    21 |       ||    21
       Trident           |       |       |       |    31 |    21 ||    52
       Demon whip        |       |       |       |     6 |       ||     6
Throw: Throwing net      |       |       |       |     1 |       ||     1
 Cast: Freeze            |    61 |    66 |    33 |       |       ||   160
       Ozocubu's Armour  |     1 |       |     3 |    19 |     1 ||    24
       Foxfire           |       |     9 |    69 |     8 |     2 ||    88
       Frozen Ramparts   |       |     4 |    34 |     4 |       ||    42
       Hailstorm         |       |       |    19 |   109 |    27 ||   155
       Flame Wave        |       |       |     9 |    54 |    15 ||    78
       Sticky Flame      |       |       |       |    18 |     6 ||    24
       Lightning Bolt    |       |       |       |    18 |    16 ||    34
  Use: Scroll            |     1 |     7 |     4 |    21 |     2 ||    35
       Potion            |       |     1 |     1 |     4 |     5 ||    11
 Stab: Distracted        |     1 |       |     1 |       |       ||     2
       Sleeping          |     1 |       |       |       |       ||     1
Armor: Ring mail         |    39 |       |       |       |       ||    39
       Scale mail        |     2 |   121 |   111 |   169 |    58 ||   461
Dodge: Dodged            |    51 |    93 |    77 |   150 |    77 ||   448
